 Dungeon Crawl Stone Soup version 0.24-a0-130-ga3c21ff (webtiles) character file.

Game seed: 1662780342896372917

7 JeffiDaFish the Skirmisher (level 1, -2/18 HPs)
             Began as a Demonspawn Fighter on Feb 26, 2019.
             Slain by a rat (3 damage)
             ... on level 1 of the Dungeon.
             The game lasted 00:00:46 (254 turns).

JeffiDaFish the Skirmisher (Demonspawn Fighter)      Turns: 254, Time: 00:00:46

Health: -2/18      AC:  8    Str: 16    XL:     1   Next: 91%
Magic:  1/1        EV:  9    Int:  9    God:
Gold:   0          SH:  0    Dex: 14    Spells: 0/0 levels left

rFire    . . .     SeeInvis .   a - +0 war axe
rCold    . . .     Gourm    .   (no shield)
rNeg     . . .     Faith    .   b - +0 scale mail
rPois    .         Spirit   .   (no helmet)
rElec    .         Reflect  .   (no cloak)
rCorr    .         Harm     .   (no gloves)
MR       .....                  (no boots)
Stlth    ..........             (no amulet)
HPRegen  0.06/turn              (no ring)
MPRegen  0.07/turn              (no ring)

@: no status effects
A: iridescent scales 1, agile 1, wild magic 1
a: no special abilities


You were on level 1 of the Dungeon.
You were not hungry.

You visited 1 branch of the dungeon, and saw 1 of its levels.

Inventory:

Hand Weapons
 a - a +0 war axe (weapon)
Armour
 b - a +0 scale mail (worn)
 e - a +0 chain mail
Potions
 d - a potion of might
Comestibles
 c - a chunk of flesh
 f - a ration


   Skills:
 * Level 3.2 Fighting
 + Level 2.0 Axes
 + Level 2.8 Armour
   Level 2.6 Shields


You couldn't memorise any spells.
You didn't know any spells.
Your spell library was empty.

Dungeon Overview and Level Annotations

Branches:
Dungeon (1/15)

Altars:


Innate Abilities, Weirdness & Mutations

You are partially covered in iridescent scales. (AC +2)
You are agile. (Dex +2)
Your spells are a little harder to cast, but a little more powerful.


Message History

The rat bites you.
* * * LOW HITPOINT WARNING * * *
The leopard gecko bites you but does no damage.
The rat bites you but does no damage. The leopard gecko barely misses you.
The rat barely misses you.
The leopard gecko bites you but does no damage.
The rat barely misses you. The leopard gecko bites you.
* * * LOW HITPOINT WARNING * * *
The rat barely misses you. The leopard gecko closely misses you.
The leopard gecko bites you but does no damage.
The rat barely misses you.
The leopard gecko bites you but does no damage.
The rat bites you but does no damage. The leopard gecko barely misses you.
The rat barely misses you.
The leopard gecko bites you but does no damage.
The rat barely misses you. The leopard gecko misses you.
The rat twitches its whiskers.
The rat barely misses you. The leopard gecko barely misses you.
The leopard gecko closely misses you. The rat bites you.
You die...

#..## .... #...
#... #... #..##
#.rl# #.@# #..#
##.## #..# ##.##
#..# ##########..#
#...........#
#######...........#


You could see a leopard gecko and a rat.

Vanquished Creatures
  A dart slug (D:1)
  2 giant cockroaches (D:1)
  A kobold (D:1)
  2 rats (D:1)
6 creatures vanquished.

Notes
Turn   | Place    | Note
-------+----------+-------------------------------------------
     0 | D:1      | JeffiDaFish the Demonspawn Fighter began the quest for the
                  | Orb.
     0 | D:1      | Reached XP level 1. HP: 18/18 MP: 1/1
    19 | D:1      | Gained mutation: You are agile. (Dex +2) [potion of
                  | mutation]
    19 | D:1      | Gained mutation: You are partially covered in iridescent
                  | scales. (AC +2) [potion of mutation]
    19 | D:1      | Gained mutation: Your spells are a little harder to cast,
                  | but a little more powerful. [potion of mutation]
   254 | D:1      | Slain by a rat

Levels and vault maps discovered:
D:1:      kennysheep_arrival_seaside, layout_basic

Skill      XL: |  1 |
---------------+----+-----
Axes           | 2 |  2.0
Fighting       | |  3.2
Armour         | |  2.8
Shields        | |  2.6

Action                   || total
-------------------------++-------
Melee: War axe           ||    13
  Use: Scroll            ||     2
       Potion            ||     2
Armor: Scale mail        ||    25
Dodge: Dodged            ||    35

Table legend:
 A = Non-vault XP
 B = Vault XP
 C = Vault XP percentage of total XP
 D = Non-vault monster count
 E = Vault monster count
 F = Vault count percentage of total count
                 A         B        C        D         E       F
            +---------+---------+-------+---------+---------+-------
      Total |      11 |       0 |   0.0 |       6 |       0 |   0.0
            +---------+---------+-------+---------+---------+-------
        D:1 |      11 |       0 |   0.0 |       6 |       0 |   0.0
            +---------+---------+-------+---------+---------+-------
